Map: World of Sleepers LE

Players

Impact

  • Race: Zerg Zerg
  • League: Grandmaster
  • Spawn Location: 1:00

soO - Winner!

  • Race: Zerg Zerg
  • Spawn Location: 7:00

VOD

Have the link to the VOD?

Description

Time

  • Played on: Jan. 16, 2020, 7:19 a.m.
  • Length: 26:24
Show
View Real Time Build Order
Export as new Build Order

Impact Zerg 

Build Orders: Hatch First, Lurkers, Roach Hydra 

Get SALT Encoding   

  12  0:01  Drone  
  13  0:13  Overlord  
  13  0:17  Drone  
  14  0:31  Drone x2  
  16  0:48  Hatchery  
  15  0:51  Drone  
  15  0:54  Drone  
  17  0:58  Drone  
  18  1:08  Extractor  
  17  1:12  Spawning Pool  
  17  1:16  Drone  
  17  1:20  Drone  
  18  1:29  Drone  
  19  1:41  Drone  
  20  1:50  Overlord  
  20  2:00  Zergling x2, Queen x2  
  25  2:04  Drone  
  26  2:09  Metabolic Boost  
  26  2:12  Drone x2  
  28  2:22  Drone x2  
  30  2:34  Hatchery  
  29  2:42  Drone x2  
  31  2:47  Queen  
  33  2:54  Baneling Nest  
  33  2:55  Drone  
  33  2:58  Overlord  
  33  3:03  Drone x2  
  36  3:05  Zergling x2  
  36  3:18  Zergling x6, Drone  
  40  3:20  Evolution Chamber  
  40  3:23  Drone  
  41  3:27  Drone  
  41  3:29  Drone  
  41  3:31  Drone  
  41  3:32  Drone  
  41  3:34  Overlord  
  44  3:38  Baneling x2  
  44  3:40  Overlord  
  44  3:48  Drone  
  44  3:50  Roach Warren  
  44  3:55  Drone x2  
  46  3:56  Drone  
  46  3:58  Drone  
  46  3:59  Drone  
  46  4:01  Drone  
  46  4:02  Drone  
  51  4:03  Drone  
  51  4:06  Drone x2  
  54  4:10  Zerg Missile Weapons Level 1  
  54  4:18  Extractor x2  
  54  4:19  Drone x3  
  54  4:20  Drone  
  56  4:26  Drone x2, Overlord  
  56  4:28  Overlord  
  57  4:37  Drone  
  59  4:38  Drone  
  59  4:40  Lair  
  59  4:49  Drone x10  
  59  4:51  Baneling  
  69  4:53  Overlord  
  69  4:56  Pneumatized Carapace  
  69  5:00  Roach x2  
  69  5:04  Extractor  
  69  5:05  Extractor  
  71  5:08  Drone  
  71  5:09  Drone x4  
  71  5:10  Drone  
  71  5:11  Extractor  
  71  5:13  Baneling x2  
  76  5:14  Drone  
  76  5:16  Drone  
  76  5:18  Drone  
  76  5:20  Drone  
  80  5:21  Drone x2, Overlord  
  80  5:24  Overlord  
  81  5:33  Roach x4  
  89  5:38  Overlord x2  
  89  5:39  Glial Reconstitution  
  89  5:41  Roach x2  
  93  5:44  Roach x2  
  93  5:48  Overseer x2  
  96  5:50  Overseer  
  96  5:56  Roach  
  96  5:57  Roach x2  
  102  6:04  Overlord x3  
  102  6:11  Drone x2, Infestation Pit  
  98  6:13  Hydralisk Den  
  99  6:25  Roach x7  
  114  6:30  Roach x3  
  114  6:32  Overlord x2  
  120  6:45  Grooved Spines, Overlord x2  
  120  6:46  Overlord  
  120  6:47  Lurker Den  
  120  6:50  Hatchery, Roach x4  
  126  7:04  Hydralisk  
  126  7:05  Hydralisk x4  
  126  7:08  Hydralisk x2  
  136  7:11  Drone  
  136  7:12  Hydralisk x2  
  136  7:13  Infestation Pit  
  144  7:17  Hydralisk x2  
  144  7:20  Overlord  
  144  7:21  Roach  
  150  7:26  Hydralisk x2  
  152  7:32  Hydralisk  
  152  7:33  Hydralisk x2  
  152  7:35  Spore Crawler  
  151  7:38  Spore Crawler, Drone  
  151  7:42  Spore Crawler, Drone  
  151  7:45  Lurker  
  151  7:51  Overlord x2  
  152  7:53  Lurker  
  152  7:56  Muscular Augments  
  153  7:58  Lurker  
  153  8:00  Drone x2  
  153  8:01  Extractor, Drone, Overlord x2  
  153  8:02  Drone  
  157  8:08  Drone  
  157  8:11  Spore Crawler, Zerg Missile Weapons Level 2  
  157  8:14  Evolution Chamber  
  157  8:19  Hydralisk x3  
  158  8:20  Roach  
  158  8:25  Drone  
  165  8:27  Spore Crawler x2  
  165  8:29  Lurker  
  165  8:30  Lurker  
  165  8:35  Hydralisk  
  165  8:36  Hydralisk  
  169  8:42  Roach x5  
  169  8:44  Overseer  
  169  8:45  Overlord  
  169  8:47  Roach  
  181  8:52  Lurker  
  181  8:55  Roach x3  
  188  9:01  Roach  
  188  9:02  Overlord  
  190  9:04  Overlord  
  190  9:06  Roach x3  
  182  9:11  Roach x2  
  182  9:13  Roach  
  182  9:15  Roach x2  
  182  9:16  Roach  
  184  9:18  Overlord  
  182  9:24  Roach x3  
  182  9:29  Roach x3  
  191  9:31  Ravager x2  
  191  9:32  Ravager  
  191  9:33  Roach  
  191  9:36  Roach x2  
  189  9:41  Roach x2  
  179  9:46  Roach x2  
  179  9:48  Roach  
  179  9:49  Roach  
  181  9:55  Drone  
  181  9:58  Zerg Ground Armor Level 1  
  181  9:59  Lurker  
  183  10:04  Drone  
  183  10:05  Spore Crawler, Drone  
  183  10:06  Hive  
  184  10:15  Overlord x2  
  184  10:17  Overlord  
  184  10:22  Overlord  
  184  10:25  Overlord  
  184  10:31  Overseer, Overlord x2  
  184  10:36  Hatchery  
  184  10:39  Lurker x4  
  187  10:44  Hydralisk x3  
  187  10:47  Overlord  
  187  10:48  Hydralisk  
  191  10:56  Hydralisk x2  
  190  11:09  Hydralisk  
  190  11:10  Hydralisk  
  190  11:11  Hydralisk x4  
  198  11:22  Seismic Spines  
  198  11:23  Zerg Missile Weapons Level 3  
  198  11:39  Overseer  
  198  11:43  Overlord x2  
  198  11:44  Overseer x2  
  198  11:45  Hydralisk x2  
  196  11:50  Hydralisk x3  
  196  11:59  Drone x4  
  196  12:01  Spore Crawler, Overseer x2  
  195  12:10  Viper  
  195  12:11  Viper  
  195  12:13  Extractor  
  194  12:17  Extractor  
  194  12:21  Adaptive Talons, Zerg Ground Armor Level 2  
  191  12:31  Hydralisk  
  191  12:32  Hydralisk x2  
  193  12:50  Hydralisk x3  
  199  12:51  Overlord  
  199  12:52  Overlord  
  199  12:53  Overlord x2  
  199  12:56  Spine Crawler  
  198  13:00  Spore Crawler  
  198  13:01  Hydralisk  
  198  13:02  Drone  
  200  13:10  Overlord  
  200  13:23  Overlord  
  200  13:25  Overlord x2  
  192  13:34  Lurker  
  192  13:35  Lurker x3  
  196  13:45  Hydralisk  
  196  13:46  Hydralisk x2  
  188  14:04  Viper x2  
  188  14:05  Viper x3  
  188  14:07  Drone x3  
  188  14:09  Drone x3  
  189  14:13  Hydralisk x7  
  199  14:17  Overlord  
  199  14:19  Drone  
  199  14:23  Hatchery  
  199  14:26  Spore Crawler  
  199  14:27  Spore Crawler  
  197  14:42  Lurker x3  
  197  14:43  Overlord x2  
  200  14:57  Overseer, Overlord x3  
  200  14:58  Overseer x3  
  200  15:01  Extractor  
  200  15:02  Drone  
  200  15:04  Hatchery  
  199  15:18  Lurker x3  
  199  15:21  Drone x3  
  200  15:41  Overlord x2  
  200  15:42  Spine Crawler  
  199  15:43  Spine Crawler  
  199  15:48  Overlord  
  198  16:04  Hydralisk  
  198  16:07  Overlord x2  
  191  16:30  Hydralisk x7  
  199  16:32  Overlord  
  199  16:33  Overseer x2, Overlord  
  181  17:08  Hydralisk x20  
  158  17:09  Hydralisk x4  
  158  17:11  Viper  
  158  17:12  Viper x2  
  191  17:25  Lurker x3  
  194  17:36  Overseer  
  190  17:38  Hydralisk x5  
  190  17:40  Overlord  
  197  17:50  Drone x3  
  200  17:57  Overseer x2  
  200  18:05  Overseer x3  
  198  18:09  Drone  
  198  18:12  Hydralisk x4  
  172  18:29  Hydralisk x7  
  172  18:34  Lurker x4  
  183  18:35  Hydralisk x6  
  183  18:36  Hatchery  
  183  18:37  Overseer  
  183  18:40  Overlord  
  194  18:47  Hydralisk x3  
  194  18:48  Hydralisk  
  199  19:03  Overlord  
  199  19:04  Drone  
  200  19:14  Extractor, Overseer  
  200  19:16  Extractor  
  198  19:18  Drone x2  
  198  19:19  Overseer  
  198  19:21  Overseer  
  200  19:24  Hatchery  
  200  19:25  Drone  
  200  19:28  Spore Crawler  
  200  19:31  Spore Crawler x2  
  197  19:41  Spore Crawler  
  197  19:42  Spore Crawler x2  
  183  19:49  Hydralisk x9  
  196  20:07  Viper x2  
  185  20:20  Hydralisk x2  
  189  20:25  Overseer  
  189  20:27  Drone x2  
  189  20:28  Drone  
  192  20:29  Extractor  
  192  20:31  Hatchery  
  190  20:37  Overseer x3  
  190  20:51  Hydralisk  
  190  20:52  Hydralisk x3  
  183  20:58  Hydralisk  
  183  20:59  Hydralisk  
  181  21:05  Drone x2  
  181  21:07  Drone  
  181  21:08  Drone x6  
  180  21:25  Lurker  
  180  21:26  Lurker x2  
  180  21:28  Zergling x28  
  197  21:33  Drone  
  197  21:34  Spore Crawler, Overseer, Drone, Extractor  
  197  21:35  Spore Crawler x2  
  197  21:36  Spore Crawler  
  194  21:43  Spore Crawler  
  193  21:50  Overseer  
  193  21:55  Hydralisk x3  
  189  22:19  Hydralisk x6  
  189  22:20  Hydralisk  
  199  22:31  Overlord  
  180  22:48  Hydralisk x14  
  189  22:57  Drone x2  
  187  22:59  Hydralisk x3  
  188  23:12  Hatchery  
  173  23:18  Hydralisk  
  173  23:19  Hydralisk x4  
  125  23:27  Hydralisk x2  
  125  23:34  Hydralisk x2  
  125  23:36  Overseer  
  125  23:39  Hydralisk  
  131  23:44  Drone  
  132  23:49  Hydralisk x2  
  132  23:50  Hydralisk  
  132  23:52  Hydralisk  
  137  24:08  Hydralisk  
  137  24:09  Hydralisk x3  
  142  24:10  Zergling x2  
  142  24:11  Zergling x18  
  142  24:16  Hydralisk x2  
  143  24:27  Overseer  
  143  24:29  Hydralisk x3  
  143  24:31  Zergling x2  
  145  24:34  Drone  
  145  24:35  Drone x3  
  143  24:38  Hydralisk x2  
  143  24:44  Hydralisk x2  
  147  24:47  Overlord  
  147  24:50  Hydralisk  
  147  24:52  Hydralisk, Overlord x2  
  149  25:00  Hydralisk x2  
  149  25:03  Drone x4  
  149  25:05  Hydralisk x2  
  159  25:15  Hydralisk x2  
  159  25:20  Overlord  
  158  25:24  Hydralisk x2  
  158  25:28  Overlord x2  
  160  25:29  Hatchery  
  160  25:30  Hydralisk  
  160  25:32  Zergling x10  
  160  25:33  Zergling x12  
  171  25:37  Overseer x2  
  171  25:38  Zergling x8  
  173  25:47  Hydralisk  
  173  25:48  Hydralisk  
  176  25:50  Overseer  
  139  26:03  Zergling x4  
  139  26:04  Zergling x8  
Show
View Real Time Build Order
Export as new Build Order

soO Zerg - Winner!

Build Orders: Hatch First, Lurkers 

Get SALT Encoding   

  12  0:00  Drone  
  13  0:13  Overlord  
  13  0:16  Drone  
  14  0:31  Drone x2  
  16  0:47  Hatchery  
  15  0:51  Drone  
  15  0:54  Drone  
  17  0:57  Drone  
  18  1:07  Extractor  
  17  1:12  Spawning Pool  
  17  1:15  Drone  
  17  1:18  Drone  
  18  1:28  Drone  
  19  1:39  Drone  
  20  1:49  Overlord  
  20  1:59  Queen x2  
  20  2:00  Drone  
  20  2:01  Zergling x2  
  26  2:09  Drone  
  26  2:11  Drone  
  26  2:12  Metabolic Boost  
  28  2:20  Drone  
  29  2:23  Drone  
  30  2:33  Zergling x2  
  30  2:34  Drone  
  32  2:43  Hatchery  
  30  2:44  Queen  
  30  2:47  Drone  
  33  2:55  Drone  
  34  2:59  Drone  
  34  3:00  Baneling Nest  
  34  3:02  Drone  
  35  3:09  Overlord  
  35  3:17  Evolution Chamber  
  35  3:18  Drone  
  35  3:27  Roach Warren  
  35  3:28  Drone x5  
  39  3:35  Drone  
  39  3:38  Overlord  
  40  3:43  Zergling x6  
  40  3:46  Baneling x2, Overlord  
  43  3:53  Overlord  
  43  3:57  Drone  
  43  3:59  Drone x2  
  43  4:00  Drone  
  43  4:01  Drone  
  48  4:03  Drone  
  48  4:05  Queen  
  48  4:07  Drone  
  52  4:10  Drone  
  52  4:13  Drone  
  55  4:17  Drone  
  55  4:21  Overlord  
  55  4:22  Zerg Missile Weapons Level 1  
  55  4:24  Drone  
  55  4:27  Extractor  
  55  4:29  Drone x2  
  55  4:30  Lair  
  57  4:36  Zergling x2  
  57  4:37  Drone x2  
  57  4:38  Drone  
  61  4:40  Extractor, Drone x2  
  61  4:41  Extractor  
  61  4:45  Drone x3  
  64  4:55  Drone  
  64  4:56  Overlord  
  64  4:57  Drone  
  67  5:00  Drone  
  67  5:05  Drone  
  67  5:06  Drone  
  69  5:08  Drone  
  69  5:09  Drone x2  
  69  5:12  Zergling x4  
  69  5:13  Zergling x2  
  75  5:15  Extractor  
  75  5:16  Zergling x2, Extractor  
  75  5:17  Drone x2  
  75  5:19  Drone  
  77  5:25  Zergling x2  
  77  5:26  Zergling x2  
  77  5:27  Overlord  
  80  5:28  Roach  
  80  5:31  Spine Crawler  
  80  5:32  Roach  
  80  5:33  Roach  
  80  5:35  Roach  
  85  5:38  Roach x2  
  85  5:39  Glial Reconstitution, Overlord  
  85  5:41  Overlord  
  85  5:42  Spire  
  89  5:48  Drone x5  
  93  5:53  Overseer, Roach x2  
  93  5:54  Overseer  
  97  6:08  Drone  
  97  6:09  Roach x2  
  97  6:10  Roach, Drone  
  104  6:14  Roach x2  
  108  6:19  Overlord  
  108  6:22  Hatchery  
  108  6:24  Roach x3  
  113  6:26  Overlord x2  
  113  6:28  Overlord  
  113  6:32  Overlord  
  113  6:35  Overlord  
  113  6:38  Overlord  
  113  6:40  Roach x4  
  113  6:42  Zerg Missile Weapons Level 2  
  113  6:46  Drone  
  122  6:58  Mutalisk x6  
  134  7:07  Drone x2  
  134  7:08  Drone x2  
  137  7:16  Drone x3  
  137  7:17  Drone x3  
  137  7:21  Roach x4  
  150  7:31  Drone x2  
  150  7:34  Roach x4  
  158  7:47  Overlord  
  158  7:50  Roach  
  158  7:51  Roach x7  
  174  8:02  Overlord x2  
  174  8:05  Extractor, Pneumatized Carapace, Overlord  
  173  8:08  Roach x5  
  183  8:16  Overlord  
  183  8:25  Roach x6  
  195  8:30  Infestation Pit  
  195  8:32  Ravager x3  
  195  8:33  Ravager x2  
  199  8:38  Extractor  
  198  8:43  Drone  
  199  8:56  Hatchery  
  199  8:58  Zerg Ground Armor Level 1  
  185  9:11  Roach x2  
  185  9:12  Overseer  
  185  9:16  Hive  
  177  9:19  Hydralisk Den  
  176  9:26  Roach x5  
  182  9:31  Drone x3  
  182  9:33  Roach x8  
  179  9:43  Drone x3  
  179  9:44  Drone  
  168  9:49  Grooved Spines  
  168  9:54  Hydralisk  
  168  9:55  Hydralisk x11  
  168  9:59  Lurker Den  
  191  10:03  Overlord  
  191  10:05  Burrow, Tunneling Claws  
  191  10:14  Overseer  
  191  10:15  Overseer  
  191  10:19  Drone x2  
  193  10:21  Overseer  
  191  10:35  Evolution Chamber  
  191  10:38  Overseer, Overlord  
  191  10:42  Spine Crawler x2  
  189  10:43  Drone  
  189  10:56  Drone  
  188  11:00  Seismic Spines  
  188  11:01  Muscular Augments  
  188  11:02  Overseer  
  186  11:13  Viper x3  
  186  11:14  Viper  
  198  11:19  Hatchery, Zerg Missile Weapons Level 3, Zerg Ground Armor Level 2  
  198  11:22  Spine Crawler  
  196  11:35  Extractor  
  196  11:38  Drone x2  
  196  11:39  Drone x6  
  191  11:48  Drone x2  
  191  11:49  Drone  
  187  12:00  Drone  
  187  12:01  Drone x4  
  188  12:02  Drone x2  
  188  12:06  Lurker x10  
  200  12:17  Spore Crawler  
  200  12:18  Spore Crawler, Drone x2  
  200  12:28  Adaptive Talons  
  198  12:30  Spore Crawler  
  198  12:32  Spore Crawler, Hydralisk x2  
  198  12:34  Spore Crawler  
  183  12:40  Drone x3  
  183  12:41  Drone x2  
  183  12:43  Hydralisk x4  
  196  12:53  Drone  
  197  13:00  Spine Crawler  
  197  13:03  Spine Crawler  
  197  13:05  Drone x3  
  197  13:08  Queen x2  
  192  13:34  Drone x2  
  192  13:35  Overseer x3  
  191  13:45  Hydralisk x3  
  191  13:46  Hydralisk x2  
  178  14:04  Viper  
  171  14:12  Viper x2  
  171  14:17  Drone x5  
  173  14:22  Spore Crawler x2  
  173  14:23  Lurker x5  
  173  14:24  Lurker x3, Hydralisk x9  
  200  14:34  Zerg Ground Armor Level 3  
  194  14:47  Hydralisk x4  
  194  14:50  Drone  
  200  14:54  Roach x4  
  200  14:55  Spore Crawler  
  200  14:58  Drone  
  200  15:15  Hatchery  
  195  15:22  Nydus Network  
  190  15:29  Roach x9  
  190  15:36  Hydralisk x15  
  190  15:37  Viper x2  
  194  15:58  Spine Crawler  
  194  15:59  Spine Crawler  
  176  16:11  Hydralisk x4  
  181  16:28  Hydralisk x6  
  181  16:32  Overlord  
  193  16:46  Hydralisk x3  
  188  17:01  Spore Crawler  
  188  17:03  Spore Crawler  
  188  17:05  Spore Crawler, Hydralisk x8  
  188  17:06  Hydralisk x7  
  184  17:29  Hydralisk x9  
  197  17:37  Overseer  
  192  17:51  Lurker x2, Viper x2  
  194  17:56  Hatchery  
  199  17:58  Overseer  
  199  18:01  Drone  
  191  18:23  Overseer  
  191  18:24  Hydralisk  
  191  18:25  Hydralisk x2  
  191  18:26  Viper x3  
  190  18:44  Overseer x2  
  184  18:54  Drone x2  
  186  18:56  Extractor  
  183  19:05  Lurker x2, Evolution Chamber  
  183  19:07  Evolution Chamber, Hydralisk x8  
  199  19:13  Extractor  
  199  19:14  Lurker  
  199  19:16  Spore Crawler x2, Drone  
  198  19:17  Spore Crawler x2  
  198  19:18  Spore Crawler  
  198  19:23  Spore Crawler  
  194  19:24  Spore Crawler  
  194  19:31  Drone, Overlord  
  194  19:33  Extractor  
  194  19:34  Overlord  
  194  19:37  Lair  
  193  19:39  Hatchery  
  193  19:41  Overlord  
  193  19:43  Hydralisk x2  
  193  19:45  Hydralisk x2  
  177  19:51  Lurker x2  
  179  19:53  Spore Crawler  
  179  19:54  Lurker x2  
  179  19:55  Spore Crawler  
  179  19:56  Spore Crawler  
  173  20:02  Hydralisk x7  
  181  20:14  Hydralisk  
  181  20:15  Hydralisk x2  
  181  20:18  Drone x2  
  189  20:28  Spore Crawler  
  188  20:29  Spore Crawler  
  188  20:30  Spore Crawler  
  188  20:31  Lurker x2, Drone x2  
  188  20:32  Lurker  
  191  20:37  Lurker x8  
  191  20:40  Drone  
  200  20:43  Overseer  
  200  20:48  Hydralisk  
  200  20:49  Hydralisk x3  
  182  20:59  Drone  
  183  21:10  Hatchery  
  182  21:11  Hydralisk x6  
  192  21:27  Hive  
  192  21:28  Hydralisk x4  
  192  21:29  Overseer  
  192  21:30  Overseer  
  200  22:04  Nydus Canal  
  200  22:30  Overseer  
  200  22:33  Spore Crawler  
  200  22:34  Spore Crawler  
  198  22:41  Overseer  
  198  22:50  Hydralisk  
  198  22:51  Hydralisk x2  
  196  22:53  Overseer  
  168  23:14  Hydralisk x13  
  168  23:18  Hydralisk x6  
  178  23:28  Viper x4  
  178  23:31  Hydralisk x7  
  199  23:39  Spore Crawler  
  199  23:40  Spore Crawler  
  197  23:42  Lurker x3  
  200  23:48  Overseer x3  
  179  24:14  Overseer  
  174  24:30  Drone x8  
  172  24:32  Overseer x2  
  172  24:37  Overseer x2  
  172  24:42  Overseer  
  172  24:45  Hatchery  
  171  24:46  Overseer  
  171  24:47  Hydralisk x2  
  171  24:50  Overseer  
  175  25:06  Hatchery  
  174  25:08  Drone x2  
  174  25:11  Spore Crawler  
  173  25:29  Lurker x3, Overlord  
  173  25:30  Overlord  
  173  25:34  Overseer  
  176  25:39  Drone x3  
  173  25:46  Extractor, Hydralisk x9  
Tags
 
Add a new tag
Caveats
  • Supply blocks, unpowered buildings, or Contaminate may cause inaccurate times.
  • Supply counts are checked every 10 seconds.